 Dungeon Crawl Stone Soup version 0.20.1-1-g8b1a95d (webtiles) character file.

165272 poxvuibr the Eclecticist (level 17, -3/103 HPs)
             Began as a Deep Elf Wizard on Sept 30, 2017.
             Was the Champion of Vehumet.
             Shot with a stone by a faun (17 damage)
             ... led by a satyr
             ... on level 3 of the Shoals on Oct 1, 2017.
             The game lasted 04:55:37 (56639 turns).

poxvuibr the Eclecticist (Deep Elf Wizard)         Turns: 56639, Time: 04:55:38

Health: -3/103     AC: 17    Str:  4    XL:     17   Next: 27%
Magic:  31/40      EV: 11    Int: 34    God:    Vehumet [******]
Gold:   1911       SH:  0    Dex: 13    Spells: 5/50 levels left

rFire    . . .     SeeInvis .   i - staff of cold
rCold    + . .     Gourm    .   (no shield)
rNeg     . . .     Faith    .   Z - +0 troll leather armour
rPois    .         Spirit   .   N - +2 hat
rElec    .         Reflect  .   b - +0 cloak
rCorr    .         Harm     .   J - +2 pair of gloves
MR       ++...                  C - +0 pair of boots
Stlth    ++........             W - amulet "Uguweot" {Regen+ Slay+5}
Regen    1.1/turn               l - +3 ring of intelligence
MPRegen  0.3/turn               S - ring of Dongezxyg {MR+ AC+5 Stlth+}

@: about to teleport, very slow
A: no striking features
a: Renounce Religion


You were on level 3 of the Shoals.
You worshipped Vehumet.
Vehumet was exalted by your worship.
You were hungry.

You visited 5 branches of the dungeon, and saw 28 of its levels.

You collected 2285 gold pieces.
You spent 374 gold pieces at shops.

Inventory:

Hand Weapons
 O - the +2 halberd of the Eternal Void {holy, Dex+3, unknown}
   (You found it on level 6 of the Lair of Beasts)

   It has been blessed by the Shining One to cause great damage to the undead
   and demons.
   It affects your dexterity (+3).
Armour
 b - a +0 cloak (worn)
 C - a +0 pair of boots (worn)
 D - a +2 robe of fire resistance
 E - a +0 robe
 G - a +2 robe of cold resistance
 J - a +2 pair of gloves (worn)
 N - a +2 hat (worn)
 V - a +1 robe of cold resistance
 Z - a +0 troll leather armour (worn)
Magical Staves
 i - an uncursed staff of cold (weapon)
Jewellery
 l - a +3 ring of intelligence (left hand)
 o - an uncursed ring of resist corrosion
 w - an uncursed ring of protection from magic
 S - the ring of Dongezxyg (right hand) {MR+ AC+5 Stlth+}
   (You found it on level 13 of the Dungeon)

   [ring of protection]

   It affects your AC (+5).
   It affects your resistance to hostile enchantments.
   It makes you more stealthy.
 W - the amulet "Uguweot" (around neck) {Regen+ Slay+5}
   (You found it on level 8 of the Dungeon)

   [amulet of regeneration]

   It affects your accuracy and damage with ranged weapons and melee attacks
   (+5).
   It increases your rate of regeneration.
 X - a +6 ring of protection
Wands
 a - a wand of random effects (19/48)
 c - a wand of lightning (3/15)
 j - a wand of digging (9/24)
 s - a wand of digging (11/24)
 z - a wand of flame (38/48)
 F - a wand of lightning (4/15)
Scrolls
 f - 10 scrolls of remove curse
 n - 2 scrolls of holy word {unknown}
 v - 2 scrolls of brand weapon
 y - 6 scrolls of recharging
 A - 7 scrolls of magic mapping
 B - 2 scrolls of fog
 K - a scroll of summoning {unknown}
 L - 3 scrolls of blinking
 M - 3 scrolls of enchant armour
 P - a scroll of vulnerability {unknown}
 Q - 2 scrolls of fear
 U - 2 scrolls of enchant weapon
 Y - 3 scrolls of teleportation
Potions
 e - 5 potions of mutation
 g - 12 potions of heal wounds
 h - 7 potions of flight
 k - 6 potions of brilliance
 m - a potion of resistance {unknown}
 p - 5 potions of agility
 q - 2 potions of berserk rage
 t - 11 potions of curing
 u - 2 potions of ambrosia
 x - a potion of might {unknown}
 H - 2 potions of haste
 I - 9 potions of lignification
 R - 3 potions of magic
 T - 2 potions of invisibility
Comestibles
 d - 15 bread rations
 r - 4 meat rations


   Skills:
 + Level 10.6 Fighting
 - Level 6.0 Armour
 - Level 2.4 Dodging
 - Level 2.4 Stealth
 + Level 17.1 Spellcasting
 + Level 14.5 Conjurations
   Level 1.1 Summonings
 - Level 1.1 Translocations
 * Level 14.3 Fire Magic
 - Level 16.4 Ice Magic
 - Level 5.0 Air Magic
 - Level 0.7 Earth Magic


You had 5 spell levels left.
You knew the following spells:

 Your Spells              Type           Power        Failure   Level  Hunger
a - Conjure Flame         Conj/Fire      #######.     0%          3    None
b - Blink                 Tloc           N/A          1%          2    None
c - Mephitic Cloud        Conj/Pois/Air  ######..     1%          3    None
d - Throw Icicle          Conj/Ice       ########     1%          4    None
e - Sticky Flame          Conj/Fire      #######.     1%          4    None
f - Fireball              Conj/Fire      #######...   1%          5    None
g - Bolt of Fire          Conj/Fire      #######...   1%          6    None
h - Bolt of Magma         Conj/Fire/Erth #######...   1%          5    None
i - Bolt of Cold          Conj/Ice       ########..   1%          6    None
j - Freezing Cloud        Conj/Ice/Air   ########..   1%          6    None
z - Magic Dart            Conj           ####         0%          1    None


Dungeon Overview and Level Annotations

Branches:
Dungeon (15/15)            Temple (0/1) D:7            Lair (6/6) D:8
 Shoals (3/4) Lair:2       Spider (2/4) Lair:2        Slime (0/5) Lair:5
    Orc (2/2) D:12            Elf (0/3) Orc:2        Vaults (0/5) D:14
 Depths: D:15

Altars:
Ashenzari
Elyvilon
Fedhas
Gozag
Hepliaklqana
Okawaru
Ru
Trog
Vehumet
Xom

Shops:
D:14 %*(   Orc:1 %   Orc:2 (*:?

Annotations:
D:15 hilaritas's ghost, journeyman MiFi


Message History

Aiming: Fireball
Press: ? - help, Shift-Dir - straight line The fireball explodes!
The fireball engulfs the satyr.
The satyr is heavily wounded.
The fireball engulfs the centaur.
You kill the centaur!
Vehumet accepts your kill.
You feel your power returning.
The fireball engulfs the faun.
The faun is heavily wounded.
The fireball engulfs the faun.
The faun is severely wounded.
The faun shoots a stone.
The stone hits you!
The satyr shoots an arrow.
The arrow hits you!!
* * * LOW HITPOINT WARNING * * *
The faun shoots a sling bullet.
The sling bullet hits you.
* * * LOW HITPOINT WARNING * * *
You hear a splash.
As you read the scroll of teleportation, it crumbles to dust.
You feel strangely unstable.
The faun shoots a stone.
The stone hits you!
You die...

....##..# #...≈≈≈≈≈≈≈≈≈≈
≈..###..########.)≈≈≈≈≈≈≈≈≈
≈.)≈≈............≈≈≈≈≈≈≈≈≈≈
≈.......<≈...≈≈≈≈≈≈≈≈≈≈H≈≈≈
≈≈.......≈≈..≈≈>≈≈≈≈≈≈≈≈≈≈≈
≈.....≈≈≈[≈≈≈≈≈≈≈≈≈≈≈≈≈≈≈≈≈
≈..≈≈.≈≈≈...≈≈≈≈≈≈≈≈≈≈≈≈≈≈≈
≈≈≈≈≈...≈≈..≈≈≈≈≈≈≈≈≈≈≈≈≈≈
.≈≈≈≈....###.≈≈≈@≈≈≈≈≈≈≈≈
≈........###.≈...≈≈≈≈≈≈≈
≈≈..............†....≈≈≈
≈≈..≈...###..........≈≈.
......### #.............
≈.....# #............c
≈†)....# #........$...c
.)..P>..# #...........)c
≈..≈.....##........c..##


You could see a satyr, 2 fauns and a manticore.

Vanquished Creatures
  Gastronok (D:9)
  Polyphemus (Shoals:2)
  Kirke (Lair:6)
  An emperor scorpion (Spider:1)
  The ghost of Patate the Warrior, a journeyman HOCK of Xom (Lair:5)
  An entropy weaver (Spider:1)
  2 spark wasps (Spider:1)
  4 merfolk impalers (Shoals:1)
  Harold (D:11)
  An ice dragon (Shoals:2)
  Josephine (D:11)
  7 hydras
  A vault guard (D:14)
  Fannar (D:11)
  3 catoblepae
  3 centaur warriors
  Erica (D:8)
  3 merfolk avatars (Shoals:2)
  2 merfolk aquamancers
  An alligator snapping turtle (Shoals:2)
  7 two-headed ogres
  7 death yaks
  4 orc high priests
  Sonja (D:11)
  3 sea snakes
  A skeletal warrior (D:14)
  2 unseen horrors
  19 harpies
  6 orc knights (Orc:2)
  Pikel (D:7)
  13 ugly things
  6 cyclopes
  4 orc sorcerers (Orc:2)
  9 wolf spiders (Spider:1)
  4 deep elf magi
  11 fauns
  7 orb spiders
  11 manticores
  11 elephants
  8 black mambas
  Joseph (D:9)
  4 merfolk sirens
  4 water nymphs
  A gargoyle (D:15)
  5 rime drakes
  32 spiny frogs
  A yaktaur (D:15)
  An efreet (D:14)
  8 komodo dragons
  4 demonic crawlers (Spider:1)
  A queen bee (D:10)
  11 jumping spiders
  7 trolls
  17 merfolk
  The ghost of raikaria the Ruffian, an amateur CeMo of Elyvilon (D:4)
  3 tyrant leeches (Lair:6)
  3 slime creatures (D:14)
  Prince Ribbit (D:9)
  4 wind drakes
  3 hornets
  A polar bear (Lair:6)
  18 blink frogs
  11 dream sheep
  3 snapping turtles
  11 hippogriffs
  6 tarantellas
  8 water elementals
  32 redbacks
  7 wraiths
  3 shadows
  Eustachio (D:5)
  64 yaks
  2 vampires
  4 hogs (Lair:6)
  3 wyverns
  A basilisk (Lair:1)
  A human (Lair:6)
  A hungry ghost (D:13)
  A steam dragon (D:8)
  15 vampire mosquitoes
  A warg (Orc:2)
  19 water moccasins
  2 acid dragons
  2 soldier ants
  7 porcupines
  2 hell hounds (D:8)
  6 sky beasts
  28 orc warriors
  6 ice beasts
  2 black bears (D:12)
  A necrophage (D:9)
  2 eyes of draining
  7 phantoms
  11 ogres
  5 wolves (Lair:3)
  24 centaurs
  17 crocodiles
  2 big kobolds
  41 bullfrogs
  A gnoll sergeant (D:10)
  A wyvern zombie (D:13)
  3 scorpions
  A wyvern skeleton (D:13)
  28 killer bees
  15 wights
  9 electric eels
  6 howler monkeys
  8 crimson imps
  2 bullfrog zombies
  9 hounds
  5 centaur skeletons
  3 centaur zombies
  8 jellies
  22 orc wizards
  28 orc priests
  3 bullfrog skeletons
  2 iguanas
  Jessica (D:3)
  9 worker ants
  A killer bee zombie (D:6)
  A hound skeleton (D:4)
  3 worker ant zombies
  5 gnolls (D:10)
  14 adders
  7 oozes
  2 worms
  3 dart slugs
  5 leopard geckos
  83 orcs
  4 giant cockroaches
  2 goblins
  7 hobgoblins
  2 jackals (D:6)
  14 kobolds
  8 quokkas
  A ball python (D:3)
  3 bats
  4 frilled lizards
  A jackal skeleton (D:6)
  A quokka skeleton (D:6)
  3 quokka zombies
  4 rats
  4 bushes
  9 fungi
  22 plants
1039 creatures vanquished.

Vanquished Creatures (others)
  3 slaves (D:9)
  A big kobold (D:9)
  A shadow imp (D:9)
  2 kobolds (D:9)
  2 bushes
  34 fungi
  72 plants
115 creatures vanquished.

Grand Total: 1154 creatures vanquished

Notes
Turn   | Place    | Note
-------+----------+-------------------------------------------
     0 | D:1      | poxvuibr the Deep Elf Wizard began the quest for the Orb.
     0 | D:1      | Reached XP level 1. HP: 10/10 MP: 7/7
   353 | D:1      | Reached XP level 2. HP: 15/15 MP: 4/9
  1163 | D:2      | Found a faded altar of an unknown god.
  1266 | D:2      | Reached skill level 5 in Spellcasting
  1559 | D:2      | Reached XP level 3. HP: 19/19 MP: 5/11
  1983 | D:2      | Found a faded altar of an unknown god.
  2309 | D:3      | Found a shimmering altar of Xom.
  2310 | D:3      | Found a shimmering altar of Xom.
  2587 | D:3      | Learned a level 3 spell: Conjure Flame
  2602 | D:3      | Found a radiant altar of Vehumet.
  2610 | D:3      | Became a worshipper of Vehumet
  2828 | D:3      | Reached skill level 1 in Fire Magic
  2828 | D:3      | Reached XP level 4. HP: 24/24 MP: 6/13
  2877 | D:3      | Noticed Jessica
  2880 | D:3      | Killed Jessica
  3101 | D:3      | Found a shimmering altar of Xom.
  3101 | D:3      | Found a shimmering altar of Xom.
  3101 | D:3      | Found a shimmering altar of Xom.
  3103 | D:3      | Found a shimmering altar of Xom.
  3105 | D:3      | Found a shimmering altar of Xom.
  3256 | D:3      | Reached * piety under Vehumet
  3256 | D:3      | Offered knowledge of Sandblast by Vehumet.
  3565 | D:3      | Found a shimmering altar of Xom.
  3565 | D:3      | Found a shimmering altar of Xom.
  3566 | D:3      | Found a shimmering altar of Xom.
  3567 | D:3      | Found a shimmering altar of Xom.
  3628 | D:3      | Found a radiant altar of Vehumet.
  4138 | D:4      | Noticed raikaria's ghost (amateur CeMo)
  4403 | D:4      | Reached skill level 6 in Spellcasting
  4403 | D:4      | Reached XP level 5. HP: 28/28 MP: 8/15
  4929 | D:4      | Reached XP level 6. HP: 32/32 MP: 7/17
  5110 | D:4      | Learned a level 2 spell: Blink
  5114 | D:4      | Learned a level 3 spell: Mephitic Cloud
  5120 | D:4      | Found an opulent altar of Gozag.
  5241 | D:4      | Reached skill level 1 in Air Magic
  5541 | D:4      | Reached XP level 7. HP: 36/36 MP: 0/19
  5971 | D:4      | Reached skill level 7 in Spellcasting
  6110 | D:5      | Entered Level 5 of the Dungeon
  6548 | D:5      | Found a radiant altar of Vehumet.
  6581 | D:5      | Learned a level 4 spell: Throw Icicle
  6841 | D:5      | Noticed Eustachio
  6914 | D:5      | Reached skill level 1 in Ice Magic
  7159 | D:5      | Reached skill level 5 in Conjurations
  8020 | D:6      | Reached XP level 8. HP: 33/41 MP: 7/21
  8598 | D:6      | Found a shattered altar of Ashenzari.
  8601 | D:6      | Found an iron altar of Okawaru.
  8604 | D:6      | Found a white marble altar of Elyvilon.
  8743 | D:6      | Found a hazy altar of Hepliaklqana.
  8881 | D:6      | Reached skill level 8 in Spellcasting
  9058 | D:6      | Reached ** piety under Vehumet
  9238 | D:6      | Offered knowledge of Flame Tongue by Vehumet.
  9238 | D:6      | Reached skill level 5 in Ice Magic
 10553 | D:6      | Found a hazy altar of Hepliaklqana.
 10645 | D:6      | Found an iron altar of Okawaru.
 10647 | D:6      | Found a white marble altar of Elyvilon.
 10647 | D:6      | Found a shattered altar of Ashenzari.
 11203 | D:7      | Reached skill level 1 in Fighting
 11265 | D:7      | Found a sacrificial altar of Ru.
 11341 | D:7      | Reached XP level 9. HP: 47/47 MP: 16/23
 12289 | D:7      | Found a staircase to the Ecumenical Temple.
 12354 | D:7      | Found a sacrificial altar of Ru.
 12904 | D:7      | Found a staircase to the Ecumenical Temple.
 13076 | D:8      | Reached skill level 9 in Spellcasting
 13106 | D:8      | Noticed Gastronok
 13428 | D:8      | Reached skill level 5 in Air Magic
 13916 | D:8      | Found a staircase to the Lair.
 13930 | D:8      | Offered knowledge of Static Discharge by Vehumet.
 14073 | Lair:1   | Entered Level 1 of the Lair of Beasts
 14085 | Lair:1   | Noticed a spiny frog
 14093 | Lair:1   | Killed a spiny frog
 14093 | Lair:1   | Reached skill level 5 in Fire Magic
 14287 | Lair:1   | Noticed a komodo dragon
 14292 | Lair:1   | Killed a komodo dragon
 14292 | Lair:1   | Reached XP level 10. HP: 56/56 MP: 7/25
 14414 | Lair:1   | Noticed a spiny frog
 14419 | Lair:1   | Killed a spiny frog
 14667 | Lair:1   | Reached skill level 10 in Spellcasting
 14810 | Lair:1   | Noticed a spiny frog
 14889 | Lair:1   | Killed a spiny frog
 15352 | Lair:1   | Noticed a spiny frog
 15356 | Lair:1   | Killed a spiny frog
 15621 | Lair:2   | Reached *** piety under Vehumet
 16690 | Lair:2   | Found a hole to the Spider Nest.
 16691 | Lair:2   | Found a staircase to the Shoals.
 17628 | Lair:2   | Noticed a five-headed hydra
 17628 | Lair:2   | Noticed a spiny frog
 17644 | Lair:2   | Killed a spiny frog
 17785 | Lair:2   | Reached skill level 11 in Spellcasting
 17785 | Lair:2   | Reached XP level 11. HP: 62/62 MP: 20/28
 18132 | Lair:2   | Offered knowledge of Sticky Flame by Vehumet.
 18138 | Lair:2   | Learned a level 4 spell: Sticky Flame
 18397 | Lair:2   | Reached skill level 5 in Fighting
 19093 | Lair:3   | Got an encrusted leather armour
 19155 | Lair:1   | Identified the +3 leather armour of the Vacuum {rElec rF++ Int-4 Slay+2} (You found it on level 3 of the Lair of Beasts)
 20011 | Lair:3   | Reached **** piety under Vehumet
 21750 | Lair:3   | Reached skill level 12 in Spellcasting
 22014 | Lair:3   | Reached skill level 10 in Ice Magic
 22532 | Lair:3   | Reached skill level 10 in Conjurations
 22663 | Lair:3   | Reached XP level 12. HP: 14/69 MP: 8/30
 22720 | Lair:3   | Offered knowledge of Inner Flame by Vehumet.
 25072 | Lair:5   | Noticed a six-headed hydra
 25245 | D:8      | Got a glittering silver amulet
 25261 | Lair:1   | Identified the amulet "Uguweot" {Regen+ Slay+5} (You found it on level 8 of the Dungeon)
 25453 | D:8      | Noticed Erica
 25669 | D:5      | Killed Eustachio
 25982 | D:4      | Killed raikaria's ghost
 25982 | D:4      | Reached ***** piety under Vehumet
 25982 | D:4      | Offered knowledge of Freezing Cloud by Vehumet.
 25990 | D:4      | Learned a level 6 spell: Freezing Cloud
 26367 | D:4      | Found an opulent altar of Gozag.
 26827 | D:9      | Reached skill level 13 in Spellcasting
 27044 | D:9      | Found a blossoming altar of Fedhas.
 27211 | D:9      | Killed Gastronok
 27391 | D:9      | Noticed Pikel
 27417 | D:7      | Killed Pikel
 27627 | D:9      | Noticed Prince Ribbit
 27636 | D:9      | Killed Prince Ribbit
 27682 | D:9      | Found a bloodstained altar of Trog.
 27891 | D:9      | Noticed Joseph
 27896 | D:9      | Killed Joseph
 28251 | D:10     | Entered Level 10 of the Dungeon
 28251 | D:10     | Found an opulent altar of Gozag.
 28540 | D:10     | Reached XP level 13. HP: 76/76 MP: 20/32
 28612 | D:10     | Reached skill level 10 in Fire Magic
 30521 | D:11     | Noticed Sonja
 30524 | D:11     | Killed Sonja
 31071 | D:11     | Noticed Josephine
 31076 | D:11     | Killed Josephine
 31308 | D:10     | Paralysed by a hornet for 1 turns
 31469 | D:11     | Learned a level 5 spell: Fireball
 31560 | D:11     | Noticed Harold
 31565 | D:11     | Killed Harold
 31854 | D:11     | Noticed Fannar
 31861 | D:11     | Killed Fannar
 32230 | D:10     | Offered knowledge of Bolt of Magma by Vehumet.
 32237 | D:10     | Learned a level 5 spell: Bolt of Magma
 33353 | D:12     | Reached skill level 14 in Spellcasting
 34341 | D:12     | Found a staircase to the Orcish Mines.
 35833 | D:13     | Got a crude silver ring
 35835 | D:13     | Identified the ring of Dongezxyg {MR+ AC+5 Stlth+} (You found it on level 13 of the Dungeon)
 35857 | D:13     | Offered knowledge of Ozocubu's Refrigeration by Vehumet.
 36530 | D:13     | Reached XP level 14. HP: 77/84 MP: 18/34
 38142 | Lair:5   | Found a staircase to the Slime Pits.
 39323 | Lair:5   | Noticed Patate's ghost (journeyman HOCK)
 39352 | Lair:5   | Killed Patate's ghost
 39582 | Lair:6   | Entered Level 6 of the Lair of Beasts
 39643 | Lair:6   | Noticed Kirke
 39648 | Lair:6   | Killed Kirke
 39658 | Lair:6   | Reached skill level 15 in Spellcasting
 40314 | Lair:6   | Offered knowledge of Orb of Destruction by Vehumet.
 41521 | Lair:6   | Reached XP level 15. HP: 90/90 MP: 12/36
 42609 | Lair:6   | Got an ebony halberd
 43289 | D:8      | Killed Erica
 43774 | D:14     | Found Fyoskeek's Assorted Antiques.
 43781 | D:14     | Bought a scroll of teleportation for 69 gold pieces
 43826 | D:14     | Reached skill level 15 in Ice Magic
 44337 | D:14     | Found Heitail's Food Emporium.
 44812 | D:14     | Found Cohag's Weapon Emporium.
 45451 | D:14     | Found a gate to the Vaults.
 45488 | D:15     | Entered Level 15 of the Dungeon
 45492 | D:15     | Offered knowledge of Poison Arrow by Vehumet.
 45509 | D:15     | Noticed hilaritas's ghost (journeyman MiFi)
 45947 | D:15     | Reached skill level 16 in Spellcasting
 46181 | D:15     | Reached ****** piety under Vehumet
 46951 | Orc:1    | Entered Level 1 of the Orcish Mines
 47227 | Orc:1    | Found Tyergh's Food Shoppe.
 47391 | Orc:2    | Entered Level 2 of the Orcish Mines
 47705 | Orc:2    | Offered knowledge of Bolt of Fire by Vehumet.
 47769 | Orc:2    | Found a staircase to the Elven Halls.
 47898 | Orc:2    | Learned a level 6 spell: Bolt of Fire
 49228 | Orc:2    | Reached XP level 16. HP: 76/96 MP: 11/38
 49640 | Orc:2    | Reached skill level 1 in Armour
 49748 | Orc:2    | Found Guenoxege's Assorted Antiques.
 49748 | Orc:2    | Found Qanext's Weapon Shop.
 49769 | Orc:2    | Found Jelyosk's Magic Scroll Emporium.
 49774 | Orc:2    | Found Roleog's Book Emporium.
 49825 | Orc:2    | Bought a potion of heal wounds for 155 gold pieces
 49825 | Orc:2    | Bought a scroll of identify for 62 gold pieces
 49827 | Orc:2    | Bought a scroll of fear for 56 gold pieces
 49827 | Orc:2    | Bought a scroll of identify for 32 gold pieces
 50290 | Spider:1 | Entered Level 1 of the Spider Nest
 50720 | Spider:1 | Offered knowledge of Bolt of Cold by Vehumet.
 50729 | Spider:1 | Learned a level 6 spell: Bolt of Cold
 51447 | Spider:1 | Reached skill level 10 in Fighting
 52930 | Shoals:1 | Entered Level 1 of the Shoals
 53251 | Shoals:1 | Found an iron altar of Okawaru.
 53846 | Shoals:1 | Offered knowledge of Fire Storm by Vehumet.
 53846 | Shoals:1 | Offered knowledge of Chain Lightning by Vehumet.
 53846 | Shoals:1 | Offered knowledge of Tornado by Vehumet.
 54314 | Shoals:2 | Reached skill level 5 in Armour
 54775 | Shoals:2 | Noticed Polyphemus
 55058 | Shoals:2 | Reached XP level 17. HP: 103/103 MP: 24/39
 55154 | Shoals:2 | Killed Polyphemus
 56044 | Shoals:2 | Reached skill level 17 in Spellcasting
 56639 | Shoals:3 | Shot with a stone by a faun

Skill      XL: |  1  2  3  4  5  6  7  8  9 10 11 12 13 14 15 16 17 |
---------------+----------------------------------------------------+-----
Conjurations   | 2 3 4 5 6 7 8 10 11 12 13 14 | 14.5
Spellcasting   | 5 6 7 8 9 11 12 13 14 15 16 17 | 17.1
Fire Magic     | 1 2 3 4 5 7 8 9 10 11 12 13 14 | 14.3
Air Magic      | 1 3 4 5 |  5.0
Ice Magic      | 3 5 7 8 10 11 13 14 16 | 16.4
Fighting       | 1 3 4 5 7 8 9 10 | 10.6
Armour         | 5 6 |  6.0
Dodging        | |  2.4
Stealth        | |  2.4
Summonings     | |  1.1
Translocations | |  1.1
Earth Magic    | |  0.7

Action                   |  1- 3 |  4- 6 |  7- 9 | 10-12 | 13-15 | 16-18 || total
-------------------------+-------+-------+-------+-------+-------+-------++-------
Melee: Staff             |       |       |       |       |    46 |    15 ||    61
 Fire: Blowgun           |     9 |     8 |       |       |       |       ||    17
 Cast: Magic Dart        |    73 |   117 |   243 |   117 |    24 |     2 ||   576
       Conjure Flame     |     1 |     9 |    45 |    32 |    13 |     1 ||   101
       Mephitic Cloud    |       |     1 |     5 |    39 |    13 |       ||    58
       Throw Icicle      |       |       |    74 |   253 |   266 |    15 ||   608
       Sticky Flame      |       |       |       |    40 |    21 |     4 ||    65
       Blink             |       |       |       |     9 |       |       ||     9
       Freezing Cloud    |       |       |       |    12 |   191 |    55 ||   258
       Fireball          |       |       |       |       |   226 |    28 ||   254
       Bolt of Magma     |       |       |       |       |    25 |    12 ||    37
       Bolt of Fire      |       |       |       |       |    30 |   107 ||   137
       Bolt of Cold      |       |       |       |       |       |    68 ||    68
Evoke: Wand              |       |       |       |       |     3 |       ||     3
  Use: Scroll            |       |       |     7 |     5 |    11 |     9 ||    32
       Potion            |       |       |       |       |       |     3 ||     3
 Stab: Distracted        |       |       |       |       |     1 |       ||     1
  Eat: Chunk             |     6 |     6 |    11 |    14 |    55 |    15 ||   107
       Royal jelly       |       |     1 |     2 |     2 |     8 |     3 ||    16
       Meat ration       |       |       |     2 |     4 |     1 |     1 ||     8
       Fruit             |       |       |     5 |     7 |     1 |       ||    13
       Bread ration      |       |       |       |       |     2 |       ||     2
Armor: Robe              |       |       |     4 |     3 |       |       ||     7
       Leather armour    |       |       |       |    28 |       |       ||    28
       Troll leather arm |       |       |       |       |    86 |    72 ||   158
Dodge: Dodged            |     5 |    20 |    27 |    55 |   101 |    62 ||   270
